 Dungeon Crawl Stone Soup version 0.18-b1-16-g289874d (webtiles) character file.

5273 Wooh the Nimble (level 10, 0/94 HPs)
             Began as a Naga Ice Elementalist on Apr 30, 2016.
             Was a Follower of Sif Muna.
             Slain by a polar bear (7 damage)
             ... on level 9 of the Dungeon on May 1, 2016.
             The game lasted 01:06:40 (11188 turns).

Wooh the Nimble (Naga Ice Elementalist)            Turns: 11188, Time: 01:06:41

Health: 0/94       AC: 12    Str: 13    XL:     10   Next: 63%
Magic:  9/13       EV: 14    Int: 23    God:    Sif Muna [*.....]
Gold:   417        SH:  0    Dex: 12    Spells: 4 memorised, 5 levels left

rFire  x . .     SeeInvis +     W - +4 hand axe of Hubbonke {flame, Str+3 Dex+2}
rCold  + . .     Gourm    .     a - +0 robe
rNeg   . . .     Faith    .     (no shield)
rPois  +         Spirit   .     (no helmet)
rElec  .         Dismiss  .     o - +0 cloak
rCorr  .         Reflect  .     (no gloves)
SustAt .         Harm     .     (no barding)
MR     +....                    n - amulet of magic regeneration
Stlth  ++........               G - ring of ice
                                r - +4 ring of intelligence

@: icy armour, short of breath, very slow, somewhat resistant to hostile
enchantments, unstealthy
A: see invisible, clumsy 1, deformed body, poison resistance, slowness 2, slow
metabolism 1, spit poison 3, AC +3
a: Breathe Poison Gas, Channel Energy, Renounce Religion


You were on level 9 of the Dungeon.
You worshipped Sif Muna.
Sif Muna was aware of your devotion.
You were not hungry.

You visited 2 branches of the dungeon, and saw 10 of its levels.

You collected 417 gold pieces.

Inventory:

Hand Weapons
 e - a +2 dagger of draining
 h - a +2 mace of protection
 i - a +0 short sword of speed
 q - a +2 dagger of venom
 w - a +1 dagger of electrocution
 A - a +1 whip of flaming
 W - the +4 hand axe of Hubbonke (weapon) {flame, Str+3 Dex+2}
   (You found it on level 8 of the Dungeon)

   It has been specially enchanted to burn those struck by it, causing extra
   injury to most foes and up to half again as much damage against particularly
   susceptible opponents.
   Big, fiery blades are also staple armaments of hydra-hunters.
   It affects your strength (+3).
   It affects your dexterity (+2).
Missiles
 y - 6 javelins of penetration (quivered)
 O - 8 steel javelins
Armour
 a - a +0 robe (worn)
 o - a +0 cloak (worn)
 s - a +1 ring mail
Jewellery
 n - an amulet of magic regeneration (around neck)
 r - a +4 ring of intelligence (left hand)
 u - an uncursed ring of protection from cold
 G - a ring of ice (right hand)
 K - an uncursed ring of sustain attributes
Wands
 E - a wand of teleportation (9/9)
 M - a wand of confusion (21/48)
 N - a wand of digging (12/24)
 Q - a wand of disintegration (6/24)
 R - a wand of heal wounds (2/9)
 S - a wand of lightning (0/15)
 Z - a wand of lightning (8/15)
Scrolls
 d - 2 scrolls of fog
 k - a scroll of fear
 l - a scroll of silence {unknown}
 B - 2 scrolls of teleportation
 D - 5 scrolls of identify
 F - a scroll of blinking
 H - a scroll of magic mapping
 J - 4 scrolls of recharging
 L - 3 scrolls of enchant armour
 U - a scroll of remove curse
Potions
 g - a potion of berserk rage {unknown}
 j - 3 potions of haste {unknown}
 m - 3 potions of might {unknown}
 t - 4 potions of curing
 x - a potion of lignification {unknown}
 z - 3 potions of heal wounds {unknown}
 C - a potion of mutation {unknown}
 I - 2 potions of ambrosia {unknown}
 P - a potion of flight {unknown}
Books
 b - a book of Frost

   Spells                             Type                      Level
   a - Freeze                         Ice                          1
   b - Throw Frost                    Conjuration/Ice              2
   c - Ozocubu's Armour               Charms/Ice                   3
   d - Throw Icicle                   Conjuration/Ice              4
   e - Summon Ice Beast               Ice/Summoning                4
 T - a book of Dreams

   Spells                             Type                      Level
   a - Ensorcelled Hibernation        Hexes/Ice                    2
   b - Silence                        Hexes/Air                    5
   c - Darkness                       Hexes                        6
   d - Shadow Creatures               Summoning                    6
Comestibles
 c - 4 bread rations
 f - 2 royal jellies
 p - 3 meat rations
 v - a beef jerky
 V - a slice of pizza
 X - a chunk of flesh


   Skills:
 - Level 7.1 Fighting
 + Level 9.1 Dodging
 - Level 3.0 Stealth
 - Level 2.0 Spellcasting
 - Level 1.0 Conjurations
 + Level 8.2 Ice Magic
 + Level 4.2 Invocations


You had 5 spell levels left.
You knew the following spells:

 Your Spells              Type           Power        Failure   Level  Hunger
a - Freeze                Ice            ####         1%          1    #......
b - Throw Frost           Conj/Ice       #####.       2%          2    ##.....
c - Ozocubu's Armour      Chrm/Ice       ####....     10%         3    ###....
d - Ensorcelled Hibernat  Hex/Ice        ####..       3%          2    ##.....


Dungeon Overview and Level Annotations

Branches:
Dungeon (9/15)             Temple (1/1) D:6
   Lair: D:8-11         Orc: D:9-12

Altars:
Ashenzari
Cheibriados
Dithmenos
Elyvilon
Fedhas
Gozag
Kikubaaqudgha
Makhleb
Nemelex Xobeh
Okawaru
Pakellas
Qazlal
Ru
Sif Muna
Trog
Vehumet
Xom
Yredelemnul
Zin
The Shining One


Innate Abilities, Weirdness & Mutations

You cannot wear boots.
Your serpentine skin is tough (AC +3).
You have supernaturally acute eyesight.
Armour fits poorly on your strangely shaped body.
Your system is resistant to poisons.
You cover ground very slowly.
You have a slow metabolism.
You can exhale a cloud of poison.
You are clumsy. (Dex -2)


Message History

The polar bear is engulfed in poison gas.
The polar bear looks even sicker.
The polar bear is engulfed in poison gas.
The polar bear looks even sicker.
The centaur shoots an arrow.
The arrow hits you.
* * * LOW HITPOINT WARNING * * *
You see here an arrow.
Casting: Throw Frost
Confirm with . or Enter, or press ? or * to list all spells.
Aiming: Throw Frost
Press: ? - help, Shift-Dir - straight line, f/p - centaur
Aim: a centaur, wielding a shortbow (severely wounded, poisoned)
You feel a surge of power!
The puff of frost hits the centaur.
The centaur is almost dead.
The centaur shoots an arrow.
The arrow barely misses you.
You hit the polar bear but do no damage.
The polar bear is heavily wounded.
You kill the centaur!
The polar bear bites you!
You die...

#.... ..# #...######.#
#..........#
######....h.....########
.......h................
.§§.......Z.....#####
#...#######.h.#####
####..(#######.†......
........(..h@..........
#........)(.....#######
#..###########..######
#. .................. .
..........).......
.........)########
########..#
######.)###########
.......)........... ..#


You could see a polar bear.

Vanquished Creatures
  Pikel (D:5)
  The ghost of Shenda the Skirmisher, an amateur DrSk of Qazlal (D:5)
  Grinder (D:4)
  2 yaks (D:9)
  3 hippogriffs
  A water moccasin (D:7)
  5 ice beasts
  2 phantoms
  2 orc warriors
  A sky beast (D:8)
  An ogre (D:9)
  A necrophage (D:8)
  4 centaurs
  4 giant frogs
  4 scorpions
  2 jellies (D:8)
  5 wights (D:7)
  3 crimson imps
  A giant frog zombie (D:6)
  The ghost of crawlian the Caller, a weakling DESu (D:4)
  8 hounds
  10 orc wizards
  5 orc priests
  A giant frog skeleton (D:6)
  3 iguanas
  4 worker ants
  A centaur simulacrum (D:9)
  A hound zombie (D:5)
  A howler monkey zombie (D:5)
  2 worker ant zombies (D:7)
  10 adders
  3 gnolls (D:8)
  A howler monkey skeleton (D:7)
  A hound simulacrum (D:9)
  3 shadow imps
  5 worms
  2 dart slugs
  9 giant geckos
  33 orcs
  6 giant cockroaches
  12 hobgoblins
  23 jackals
  A quokka (D:8)
  3 ball pythons
  10 bats
  A giant cockroach zombie (D:5)
  3 giant newts
  10 goblins
  A jackal simulacrum (D:9)
  6 kobolds
  7 rats
231 creatures vanquished.

Vanquished Creatures (others)
  A hound skeleton (D:5)
  A shadow imp (D:5)
2 creatures vanquished.

Grand Total: 233 creatures vanquished

Notes
Turn   | Place    | Note
--------------------------------------------------------------
     0 | D:1      | Wooh the Naga Ice Elementalist began the quest for the Orb.
     0 | D:1      | Reached XP level 1. HP: 15/15 MP: 3/3
   274 | D:1      | Reached skill level 1 in Fighting
   290 | D:1      | Reached XP level 2. HP: 10/25 MP: 0/5
  1309 | D:1      | Learned a level 2 spell: Throw Frost
  1492 | D:1      | Reached XP level 3. HP: 29/32 MP: 6/6
  2001 | D:2      | Learned a level 3 spell: Ozocubu's Armour
  2165 | D:2      | Reached XP level 4. HP: 29/39 MP: 2/7
  3091 | D:3      | Reached XP level 5. HP: 30/46 MP: 8/8
  3148 | D:3      | Reached skill level 2 in Dodging
  3206 | D:3      | Reached XP level 6. HP: 38/56 MP: 9/9
  3697 | D:3      | Reached skill level 3 in Dodging
  4369 | D:4      | Reached skill level 4 in Dodging
  4369 | D:4      | Reached XP level 7. HP: 19/63 MP: 10/10
  4383 | D:4      | HP: 3/63 [orc/short sword (4)]
  5109 | D:4      | Noticed Grinder
  5148 | D:4      | Killed Grinder
  5408 | D:4      | Noticed crawlian's ghost (weakling DESu)
  5416 | D:4      | Killed crawlian's ghost
  5416 | D:4      | Reached skill level 5 in Dodging
  5519 | D:5      | Entered Level 5 of the Dungeon
  5523 | D:5      | Noticed Shenda's ghost (amateur DrSk)
  5796 | D:5      | Reached XP level 8. HP: 64/73 MP: 11/11
  5871 | D:5      | Found a shadowy altar of Dithmenos.
  5903 | D:5      | Noticed Pikel
  5922 | D:5      | Killed Pikel
  5922 | D:5      | Reached skill level 5 in Fighting
  5922 | D:5      | Reached skill level 6 in Dodging
  6230 | D:5      | Found an iron altar of Okawaru.
  6230 | D:5      | Found a basalt altar of Yredelemnul.
  6696 | D:5      | Killed Shenda's ghost
  6696 | D:5      | Reached skill level 7 in Dodging
  6696 | D:5      | Reached XP level 9. HP: 66/82 MP: 9/12
  7388 | D:6      | Found a staircase to the Ecumenical Temple.
  7405 | Temple   | Entered the Ecumenical Temple
  7479 | Temple   | Upgraded the game from 0.18-b1-14-g029dad2 to 0.18-b1-16-g289874d
  7492 | Temple   | Became a worshipper of Sif Muna the Loreminder
  7565 | D:6      | Reached skill level 5 in Ice Magic
  8593 | D:7      | Reached skill level 8 in Dodging
  9360 | D:7      | Reached * piety under Sif Muna
  9360 | D:7      | Reached XP level 10. HP: 84/94 MP: 13/13
  9548 | D:8      | Reached skill level 1 in Invocations
  9636 | D:8      | Got a crystal hand axe
 10048 | D:8      | Identified the +4 hand axe of Hubbonke {flame, Str+3 Dex+2} (You found it on level 8 of the Dungeon)
 10618 | D:8      | Gained mutation: You can exhale a cloud of poison. [mutagenic meat]
 10625 | D:8      | Gained mutation: You are clumsy. (Dex -2) [mutagenic meat]
 10797 | D:9      | Learned a level 2 spell: Ensorcelled Hibernation
 11006 | D:9      | Reached skill level 9 in Dodging
 11181 | D:9      | HP: 3/93 [centaur/arrow (10)]
 11188 | D:9      | Slain by a polar bear

Skill      XL: |  1  2  3  4  5  6  7  8  9 10 |
---------------+-------------------------------+-----
Fighting       | 1 2 3 4 6 7 |  7.1
Ice Magic      | 4 7 8 |  8.2
Dodging        | 2 4 5 7 8 9 |  9.1
Invocations    | 4 |  4.2
Stealth        | |  3.0
Spellcasting   | |  2.0
Conjurations   | |  1.0

Action                   |  1- 3 |  4- 6 |  7- 9 | 10-12 || total
-------------------------+-------+-------+-------+-------++-------
Melee: Dagger            |   142 |   175 |   495 |    11 ||   823
       Unarmed           |     7 |       |       |       ||     7
       Hand axe          |       |       |       |   112 ||   112
       Staff             |       |       |       |    35 ||    35
Throw: Stone             |       |     6 |       |       ||     6
       Tomahawk          |       |       |     8 |       ||     8
 Cast: Freeze            |    19 |     1 |    25 |    33 ||    78
       Throw Frost       |       |       |    11 |     8 ||    19
       Ozocubu's Armour  |       |       |     2 |     7 ||     9
       Ensorcelled Hiber |       |       |       |     1 ||     1
 Abil: Spit Poison       |     2 |     5 |    14 |    13 ||    34
       Breathe Poison Ga |       |       |       |     7 ||     7
Evoke: Wand              |       |       |       |     3 ||     3
  Use: Scroll            |       |     9 |     4 |     1 ||    14
       Potion            |       |       |       |     1 ||     1
 Stab: Sleeping          |     5 |     8 |     3 |     3 ||    19
       Distracted        |       |     1 |     1 |     1 ||     3
  Eat: Chunk             |     3 |     7 |    15 |     7 ||    32
       Meat ration       |       |       |       |     1 ||     1
Armor: Robe              |    25 |    14 |    47 |    54 ||   140
       Ring mail         |       |    50 |   128 |       ||   178
Dodge: Dodged            |    93 |    88 |   310 |   177 ||   668
